 Dungeon Crawl Stone Soup version 0.28.0-43-g3370ac3207 (webtiles) character file.

Game seed: 17778964438642475110

21 sanboga the Skirmisher (level 2, -4/19 HPs)
             Began as a Gargoyle Fighter on Mar 30, 2022.
             Slain by Sigmund
             ... wielding a +0 scythe
              (9 damage)
             ... on level 2 of the Dungeon.
             The game lasted 00:01:11 (1090 turns).

sanboga the Skirmisher (Gargoyle Fighter)           Turns: 1090, Time: 00:01:11

Health: -4/19      AC: 10    Str: 17 (19) XL:     2   Next: 87%
Magic:  2/2        EV:  9    Int:  7 (8)  God:
Gold:   61         SH:  0    Dex:  8 (9)  Spells: 1/1 levels left

rFire   . . .      SeeInvis .   a - +0 war axe
rCold   . . .      Faith    .   c - +0 buckler
rNeg    + . .      Spirit   .   b - +0 scale mail
rPois   ∞          Reflect  .   (no helmet)
rElec   +          Harm     .   (no cloak)
rCorr   .          Rampage  .   (no gloves)
Will    .....                   g - +0 pair of boots
Stlth   ..........              (no amulet)
HPRegen 0.06/turn               (no ring)
MPRegen 0.08/turn               (no ring)

@: confused, mighty
A: sickness immunity, AC +2, negative energy resistance 1, electricity
resistance, torment resistance 1, petrification resistance
a: no special abilities


You were on level 2 of the Dungeon.
You visited 1 branch of the dungeon, and saw 2 of its levels.

You collected 61 gold pieces.

Inventory:

Hand Weapons
 a - a +0 war axe (weapon)
Armour
 b - a +0 scale mail (worn)
 c - a +0 buckler (worn)
 g - a +0 pair of boots (worn)
Scrolls
 f - a scroll of fear {unknown}
 h - a scroll of enchant weapon {unknown}


   Skills:
 + Level 3.6 Fighting
 + Level 2.1 Axes
 + Level 3.6 Armour
 + Level 3.5 Shields


You had one spell level left.
You didn't know any spells.
Your spell library was empty.

Dungeon Overview and Level Annotations

Branches:
Dungeon (2/15)

Altars:

Annotations:
D:2 Sigmund


Innate Abilities, Weirdness & Mutations

You are immune to sickness and miasma.
Your stone body is resilient. (AC +2)
You are immune to poison.
You resist negative energy. (rN+)
You are resistant to electric shocks. (rElec)
You are resistant to unholy torment.
You are immune to petrification.


Message History

There was something very wrong with that liquid.
You feel weakened.
You feel dopey.
You feel clumsy.
You feel very mighty all of a sudden. Sigmund casts a spell at you.
You resist with significant effort. Sigmund hits you with a +0 scythe.
You barely miss Sigmund.
Sigmund points at you and mumbles some strange words.
You are confused.
You're too confused to move!
Sigmund points at you and mumbles some strange words.
You resist with significant effort. Sigmund hits you with a +0 scythe.
You're too confused to move!
Sigmund casts a spell at you. The puff of flame hits you.
You slash Sigmund!
Sigmund is heavily wounded.
Sigmund mumbles some strange words.
Sigmund flickers and vanishes!
Deactivating autopickup; reactivate with Ctrl-A.
You hear some strange, mumbled words.
A magic dart appears from out of thin air!
The magic dart hits you but does no damage.
You feel less confused. Something hits you but does no damage.
You miss something. You block something's attack.
You slash something! Something hits you but does no damage.
You barely miss something.
You hear some strange, mumbled words.
You are confused.
Something hits you.
You completely miss something. Something hits you.
You're too confused to move!
You hear some strange, mumbled words.
A puff of flame appears from out of thin air!
The puff of flame hits you.
* * * LOW HITPOINT WARNING * * *
Something hits you!
You die...

......<.............
......#.............
...####....#.......
. ...
#....#......#+##..
#..
#................#
#..
#...####+#.......#
#.)..###+#........
#.......{.........
#.........@.......
#..........#......
#....####### +#...
####.# .. #.# #.#
#+#


There were no monsters in sight!

Vanquished Creatures
  A dart slug (D:2)
  4 goblins
  3 hobgoblins (D:1)
  A kobold (D:1)
  3 quokkas (D:1)
  A ball python (D:1)
  2 bats (D:1)
  2 frilled lizards (D:1)
17 creatures vanquished.

Notes
Turn   | Place    | Note
-------+----------+-------------------------------------------
     0 | D:1      | sanboga the Gargoyle Fighter began the quest for the Orb.
     0 | D:1      | Reached XP level 1. HP: 14/14 MP: 1/1
     8 | D:1      | You fall into a shaft and drop 1 floor!
   299 | D:1      | Reached XP level 2. HP: 19/19 MP: 2/2
  1071 | D:2      | Noticed Sigmund
  1090 | D:2      | Slain by Sigmund

Illustrated notes

Levels and vault maps discovered:
D:1:      dpeg_arrival_solitude, layout_basic
D:2:      layout_basic, shapermc_ecumenical_altar_ellora, uniq_sigmund,
          uniq_robin

Skill      XL: |  1  2 |
---------------+-------+-----
Axes           | 2 |  2.1
Fighting       | |  3.6
Armour         | |  3.6
Shields        | |  3.5

Action                   || total
-------------------------++-------
Melee: War axe           ||    71
  Use: Potion            ||     2
Armor: Scale mail        ||    36
Dodge: Dodged            ||    40
Block: Buckler           ||    13
